 Dungeon Crawl Stone Soup version 0.31-a0-408-gb642c7f9a3 (webtiles) character file.

Game seed: 2179517984370180997

299 gelatine the Chopper (level 6, -2/32 (44) HPs)
             Began as a Demonspawn Gladiator on July 29, 2023.
             Was an Initiate of Ru.
             Killed from afar by an orc wizard (6 damage)
             ... with a magic dart
             ... on level 5 of the Dungeon.
             The game lasted 00:11:07 (3714 turns).

gelatine the Chopper (Demonspawn Gladiator)         Turns: 3714, Time: 00:11:07

HP:   -2/32 (44)    AC: 11    Str: 16    XL:     6   Next: 13%
MP:   6/6           EV: 12    Int:  9    God:    Ru [......]
Gold: 278           SH:  0    Dex: 15    Spells: 5/5 levels left

rFire   + + .        a - +0 war axe
rCold   . . .        (no shield)
rNeg    . . .        v - +2 ring mail {rF+}
rPois   .            t - +0 helmet
rElec   .            (no cloak)
rCorr   .            (no gloves)
SInv    .            p - +2 pair of boots
Will    .....        (no amulet) Stlth
                     q - ring of protection from fire
HPRegen 0.25/turn    c - ring of wizardry
MPRegen 0.10/turn

%: wizardry (x1)
@: confused, very heavily drained
A: demonic guardian 2, condensation shield, no forms
a: Renounce Religion


You were on level 5 of the Dungeon.
You worshipped Ru.
Ru was noncommittal.
You visited 1 branch of the dungeon, and saw 5 of its levels.

You collected 278 gold pieces.

Inventory:

Hand Weapons
 a - a +0 war axe (weapon)
Missiles
 d - 3 throwing nets (quivered)
 e - a javelin
Armour
 p - a +2 pair of boots (worn)
 t - a +0 helmet (worn)
 v - a +2 ring mail of fire resistance (worn)
Jewellery
 c - a ring of wizardry (right hand)
 q - a ring of protection from fire (left hand)
Scrolls
 b - a scroll of acquirement {unknown}
 f - 2 scrolls of teleportation {unknown}
 n - a scroll of amnesia
 o - a scroll of fog
Potions
 g - 4 potions of heal wounds {unknown}
 i - 2 potions of invisibility {unknown}
 j - a potion of berserk rage
 k - a potion of cancellation
 l - 2 potions of mutation
 r - a potion of brilliance
 s - 5 potions of curing {unknown}


   Skills:
 + Level 2.2 Fighting
 * Level 5.0 Axes
 + Level 2.0 Throwing
 * Level 2.1 Armour
 + Level 3.4 Dodging
 * Level 0.9 Shields


You had 5 spell levels left.
You didn't know any spells.
Your spell library contained the following spells:

 Spells                   Type           Power      Damage    Failure   Level
 Sublimation of Blood     Necr           0%         N/A       41%         2
 Petrify                  Tmut/Erth      0%         N/A       95%         4
 Irradiate                Conj/Tmut      0%         3d11      100%        5


Dungeon Overview and Level Annotations

Branches:
Dungeon (5/15)
 Temple: D:4-7

Altars:
Ru
Yredelemnul

Shops:
D:2 (


Innate Abilities, Weirdness & Mutations

A demonic guardian rushes to your aid.
A meltable shield of frost defends you. (SH +4)
You cannot voluntarily change form.


Message History

Unknown command.
You closely miss something. You barely miss the gnoll.
A gnoll comes into view. It is wielding a +0 club.
The gnoll hits you but does no damage. Something hits you.
You feel drained.
You bump into the rock wall.
The gnoll shouts!
The gnoll hits you but does no damage.
You hear some strange, mumbled words.
You are more confused.
You're too confused to move!
The gnoll hits you but does no damage. Something hits you but does no damage.
You feel drained.
Unknown command.
You barely miss the gnoll.
The gnoll is almost dead.
You barely miss something. The gnoll hits you but does no damage.
The orc priest looks satisfied for a moment.
You hear some strange, mumbled words.
A magic dart appears from out of thin air!
The magic dart hits you.
You bump into the rock wall.
The gnoll hits you with a +0 club.
The orc priest mumbles some strange prayers to Beogh against you.
Beogh smites you!
* * * LOW HITPOINT WARNING * * *
You hear some strange, mumbled words.
Something tries to affect you, but you resist.
Unknown command.
You bump into the rock wall.
The gnoll hits you but does no damage. Something hits you but does no damage.
You feel drained.
You miss the gnoll.
The gnoll is almost dead.
You closely miss something. Something hits you.
* * * LOW HITPOINT WARNING * * *
A demonic guardian appears!
You feel drained. The gnoll hits you with a +0 club.
* * * LOW HITPOINT WARNING * * *
The gnoll misses you.
You hear some strange, mumbled words.
A magic dart appears from out of thin air!
The magic dart hits you.
You die...

#...##...##.#
.g..#.....#.#
............#
.....$....#
......... .
#.....# ...
#.W4#
.<...###g#
....gg{@.#
.#########


You could see a phantom, 3 gnolls and a friendly orange demon (summoned).

Vanquished Creatures
  A jelly (D:4)
  An iguana (D:4)
  12 adders
  An ufetubus (D:4)
  2 worms
  4 dart slugs
  7 orcs
  4 endoplasms
  3 giant cockroaches
  7 goblins
  6 hobgoblins
  4 jackals (D:1)
  3 quokkas
  17 ball pythons
  10 bats
  4 kobolds
  7 rats
93 creatures vanquished.

Vanquished Creatures (collateral kills)
  2 adders (D:3)
  A ball python (D:3)
  An endoplasm (D:3)
  A bat (D:3)
5 creatures vanquished.

Grand Total: 98 creatures vanquished

Notes
Turn   | Place    | Note
-------+----------+-------------------------------------------
     0 | D:1      | gelatine the Demonspawn Gladiator began the quest for the
                  | Orb.
     0 | D:1      | Reached XP level 1. HP: 16/16 MP: 1/1
    62 | D:1      | Reached skill level 3 in Axes
    62 | D:1      | Gained mutation: A meltable shield of frost defends you.
                  | (SH +4) [demonic ancestry]
    62 | D:1      | Reached XP level 2. HP: 22/22 MP: 2/2
   302 | D:1      | Reached XP level 3. HP: 27/27 MP: 3/3
   343 | D:1      | Reached skill level 1 in Armour
   719 | D:2      | Gained mutation: A weak demonic guardian rushes to your
                  | aid. [demonic ancestry]
   719 | D:2      | Reached XP level 4. HP: 25/33 MP: 4/4
  1012 | D:2      | Reached skill level 4 in Axes
  1103 | D:2      | Found Relag's Antique Weapon Shoppe.
  2196 | D:3      | Gained mutation: A demonic guardian rushes to your aid.
                  | [demonic ancestry]
  2196 | D:3      | Reached XP level 5. HP: 22/38 MP: 5/5
  2701 | D:3      | Found a faded altar of an unknown god.
  2754 | D:3      | Prayed at the altar of an unknown god.
  2754 | D:3      | Became a worshipper of Ru the Awakened
  2771 | D:3      | Gained mutation: You cannot voluntarily change form. [Ru
                  | sacrifice]
  3158 | D:4      | Reached XP level 6. HP: 18/44 MP: 6/6
  3162 | D:4      | Reached skill level 5 in Axes
  3489 | D:4      | Found a basalt altar of Yredelemnul.
  3687 | D:5      | Entered Level 5 of the Dungeon
  3714 | D:5      | Killed from afar by an orc wizard

Illustrated notes

Levels and vault maps discovered:
D:1:      sevenhm_arrival_forest_fort_small_6, layout_loops_ring
D:2:      layout_basic, serial_shops, shop
D:3:      layout_loops_ring, mainiacjoe_overflow_alcove_1, portal_sewer_entry_e,
          ebering_ecumenical_altar_box, dreamdust_mushroom_princess,
          minivault_25, chequers_arboretum, minmay_misc_feat_ornament,
          minmay_shallow_snake_nest
D:4:      layout_rooms, mainiacjoe_overflow_surrounded_room, st_stairs_5,
          kennysheep_generic_room_11
D:5:      layout_loops_ring, lemuel_tele_altar, serial_shops,
          nicolae_shop_pleasant_corner_grove

Skill      XL: |  1  2  3  4  5  6 |
---------------+-------------------+-----
Axes           | 3 4 5 |  5.0
Throwing       | 2 |  2.0
Armour         | 1 2 |  2.1
Dodging        | 3 |  3.4
Fighting       | |  2.2
Shields        | |  0.9

Action                     |  1- 3 |  4- 6 || total
---------------------------+-------+-------++-------
  Melee: War axe           |    88 |   202 ||   290
         Punch             |     2 |     2 ||     4
 Invoke: Sacrifice Forms   |       |     1 ||     1
    Use: Scroll            |       |     9 ||     9
 Armour: Scale mail        |    62 |    39 ||   101
         Ring mail         |       |    64 ||    64
  Dodge: Dodged            |    61 |   123 ||   184
  Block: Other             |    16 |    54 ||    70
   Form: Beast             |       |     1 ||     1

Table legend: (Time is in decaauts)
 A = Elapsed time spent in this place.
 B = Non-inter-level travel time spent in this place.
 C = Inter-level travel time spent in this place.
 D = Time resting spent in this place.
 E = Time spent auto-exploring this place.
 F = Levels seen in this place.
 G = Mean time per level.
                   A        B        C        D        E       F      G
               +--------+--------+--------+--------+--------+-----+--------+
         Total |   3803 |   3627 |    176 |      0 |   2695 |   5 |  760.6 |
       Dungeon |   3803 |   3627 |    176 |      0 |   2695 |   5 |  760.6 |
               +--------+--------+--------+--------+--------+-----+--------+

Top non-repeatable levels by time:
     D:2: 1248 daAuts
     D:3: 1111 daAuts
     D:4: 734 daAuts
     D:1: 678 daAuts
     D:5: 30 daAuts
